Map: Voracity

Players

Wlodziu

  • Race: Zerg Zerg
  • Spawn Location: 1:00

Iceberg

  • Race: Protoss Protoss
  • Spawn Location: 1:00

Leon

  • Race: Zerg Zerg
  • League: Gold
  • Spawn Location: 1:00

PLuTo

  • Race: Zerg Zerg
  • Spawn Location: 7:00

Fierce

  • Race: Zerg Zerg
  • League: Diamond
  • Spawn Location: 7:00

BooN

  • Race: Zerg Zerg
  • Spawn Location: 7:00

VOD

Have the link to the VOD?

Description

Time

  • Played on: March 21, 2026, 4:12 p.m.
  • Length: 11:39
Show
View Real Time Build Order
Export as new Build Order

Wlodziu Zerg 

Build Orders: Hatch First 

Get SALT Encoding   

  12  0:01  Drone  
  13  0:13  Drone  
  14  0:24  Extractor, Drone  
  15  0:32  Overlord  
  15  0:52  Drone x3  
  18  1:02  Hatchery  
  18  1:03  Drone  
  18  1:06  Extractor  
  17  1:16  Spawning Pool  
  16  1:19  Drone  
  17  1:29  Drone  
  18  1:40  Drone  
  18  1:46  Overlord  
  19  2:04  Queen  
  21  2:10  Zergling x4  
  21  2:14  Queen  
  25  2:17  Drone  
  26  2:27  Drone x2  
  28  2:42  Drone x3  
  31  2:49  Overlord  
  31  2:59  Drone x2  
  31  3:01  Queen  
  35  3:21  Drone x5  
  35  3:22  Drone  
  35  3:25  Roach Warren  
  40  3:29  Drone x2  
  42  3:35  Metabolic Boost  
  42  3:41  Extractor  
  42  3:47  Extractor  
  40  3:49  Extractor  
  40  3:53  Lair  
  40  3:54  Evolution Chamber  
  40  3:55  Evolution Chamber  
  37  3:57  Drone x7  
  44  4:13  Overlord x3  
  44  4:25  Overlord  
  44  4:26  Overlord  
  44  4:28  Zerg Missile Weapons Level 1  
  44  4:31  Hatchery  
  43  4:44  Zerg Ground Armor Level 1  
  43  4:48  Drone x4  
  43  4:49  Drone x2  
  49  5:08  Roach  
  49  5:09  Roach x5  
  61  5:39  Roach, Hydralisk Den  
  61  5:40  Roach x5  
  72  5:44  Spore Crawler  
  72  5:46  Spore Crawler  
  72  5:47  Pneumatized Carapace  
  72  5:49  Queen  
  72  6:05  Overlord  
  72  6:06  Overlord x3  
  72  6:09  Hydralisk x2  
  76  6:17  Drone x5  
  81  6:30  Zerg Missile Weapons Level 2  
  81  6:32  Muscular Augments  
  81  6:38  Drone  
  81  6:39  Drone x3  
  85  6:46  Zerg Ground Armor Level 2  
  85  6:50  Overseer  
  85  6:56  Extractor  
  85  6:57  Roach x3  
  85  6:58  Extractor  
  89  7:03  Ravager x2  
  89  7:04  Ravager x2  
  93  7:16  Spore Crawler  
  90  7:35  Grooved Spines  
  90  7:43  Hydralisk  
  90  7:44  Hydralisk x11  
  114  7:58  Spine Crawler  
  114  8:00  Spine Crawler, Drone  
  114  8:01  Drone x5  
  114  8:03  Spine Crawler  
  117  8:22  Infestation Pit  
  116  8:43  Hydralisk x3  
  116  8:46  Overlord x4  
  116  8:47  Overlord x2  
  119  9:06  Hydralisk  
  119  9:07  Hydralisk x7  
  128  9:22  Hydralisk  
  128  9:23  Hydralisk x4  
  126  9:56  Hydralisk  
  126  9:57  Hydralisk x8  
  142  10:10  Hive  
Show
View Real Time Build Order
Export as new Build Order

Iceberg Protoss 

Build Orders: 1 Gate Expand, Zealot Archon 

Get SALT Encoding   

  12  0:00  Probe  
  13  0:12  Probe  
  14  0:17  Pylon  
  14  0:24  Probe  
  15  0:36  Probe  
  15  0:37  Gateway  
  16  0:49  Probe  
  17  0:51  Assimilator  
  17  1:01  Probe  
  18  1:13  Probe  
  19  1:25  Cybernetics Core, Probe  
  20  1:40  Probe  
  20  1:42  Nexus  
  21  1:47  Assimilator  
  21  1:53  Pylon  
  21  1:59  Probe  
  22  2:10  Stalker  
  22  2:11  Warp Gate, Probe  
  25  2:27  Gateway  
  25  2:30  Forge  
  25  2:32  Probe  
  26  2:44  Probe  
  26  2:47  Pylon  
  27  2:52  Probe  
  27  2:56  Probe  
  27  2:57  Stalker  
  29  3:00  Probe  
  32  3:09  Probe  
  33  3:15  Photon Cannon  
  33  3:22  Photon Cannon  
  33  3:23  Probe  
  34  3:31  Probe x2  
  34  3:34  Assimilator  
  36  3:43  Probe  
  36  3:46  Twilight Council  
  36  3:47  Probe  
  38  3:52  Probe  
  39  3:59  Probe  
  39  4:00  Probe  
  40  4:03  Photon Cannon  
  40  4:09  Probe  
  41  4:12  Probe  
  41  4:13  Blink  
  41  4:14  Pylon  
  41  4:15  Protoss Ground Weapons Level 1  
  43  4:18  Assimilator  
  43  4:21  Probe  
  43  4:24  Probe  
  45  4:34  Photon Cannon  
  45  4:41  Pylon  
  45  4:45  Probe x2, Stalker  
  47  4:48  Stalker  
  51  4:57  Pylon  
  51  4:59  Gateway  
  51  5:03  Gateway  
  51  5:05  Probe  
  52  5:09  Probe  
  53  5:17  Probe  
  54  5:24  Nexus  
  54  5:26  Stalker  
  56  5:30  Probe x2  
  56  5:34  Stalker  
  60  5:42  Probe x2  
  62  5:54  Probe  
  62  5:55  Templar Archives  
  63  5:57  Probe  
  63  5:58  Dark Shrine  
  63  5:59  Stalker  
  63  6:00  Stalker  
  68  6:06  Probe  
  68  6:10  Probe  
  70  6:14  Pylon  
  70  6:17  Pylon  
  70  6:18  Protoss Shields Level 1  
  70  6:22  Stalker x2  
  70  6:23  Stalker  
  76  6:34  Pylon  
  76  6:39  Pylon, Probe  
  78  6:40  Probe x2  
  78  6:43  Pylon  
  79  6:47  Pylon  
  79  6:52  Assimilator  
  79  6:53  High Templar x3  
  79  6:54  Assimilator, High Templar  
  87  7:06  Photon Cannon  
  87  7:07  Probe x2  
  87  7:08  Probe  
  90  7:11  Photon Cannon  
  90  7:19  Archon  
  90  7:20  Archon  
  90  7:21  Forge  
  90  7:24  Forge  
  90  7:38  High Templar  
  90  7:39  High Templar x3  
  98  7:49  Protoss Ground Weapons Level 2  
  98  7:51  Gateway  
  98  7:54  Protoss Ground Armor Level 1  
  98  7:56  Gateway x2  
  98  7:58  Gateway  
  98  8:01  Gateway  
  98  8:03  Archon x2  
  98  8:10  Protoss Shields Level 2  
  98  8:14  Dark Templar x3  
  98  8:15  Dark Templar  
  106  8:32  Probe x2  
  106  8:33  Probe  
  109  8:44  Probe  
  110  8:49  Zealot x3  
  110  8:50  Zealot x2  
  120  9:00  Gateway  
  120  9:02  Gateway  
  120  9:04  Dark Templar x2, Gateway x2  
  120  9:06  Zealot x2, Gateway  
  128  9:27  High Templar  
  128  9:28  High Templar  
  128  9:29  High Templar  
  128  9:31  Zealot x3  
  140  9:41  Pylon  
  140  9:42  Pylon  
  140  9:44  Pylon, Archon x2  
  140  9:45  Archon x2, Pylon  
  140  9:46  Pylon  
  140  9:58  Charge  
  134  10:25  High Templar  
  134  10:26  High Templar x2  
  134  10:27  Zealot x2  
  134  10:28  Zealot x5  
  146  10:29  Zealot x2  
  146  10:30  Zealot x2  
  146  10:32  Archon x2  
  158  10:52  Pylon  
  158  10:53  Pylon x2  
  142  10:58  Pylon  
  142  10:59  Pylon  
  142  11:01  Pylon  
  102  11:21  Robotics Facility  
  102  11:24  Robotics Facility  
  92  11:27  Zealot x2  
  92  11:28  Zealot x3  
Show
View Real Time Build Order
Export as new Build Order

Leon Zerg 

Build Orders: Hatch First, Zergling Baneling 

Get SALT Encoding   

  12  0:08  Drone  
  13  0:21  Overlord  
  13  0:24  Drone  
  14  0:39  Drone x2  
  16  0:43  Drone  
  17  0:53  Hatchery  
  16  0:58  Drone  
  16  1:00  Extractor  
  16  1:05  Drone  
  17  1:17  Spawning Pool  
  16  1:26  Drone  
  16  1:27  Drone  
  18  1:37  Drone  
  19  1:48  Drone  
  20  2:10  Baneling Nest, Queen x2  
  20  2:11  Zergling x4  
  20  2:14  Overlord  
  25  2:21  Drone x2  
  27  2:27  Drone  
  28  2:40  Extractor  
  28  2:41  Drone x2  
  29  2:45  Zergling x2  
  30  3:03  Drone  
  30  3:04  Drone x3  
  34  3:09  Overlord  
  34  3:27  Overlord  
  34  3:30  Drone x6  
  34  3:32  Metabolic Boost  
  40  3:36  Lair  
  40  3:42  Drone x2  
  42  3:49  Extractor  
  42  3:55  Zergling x4  
  43  4:05  Hatchery  
  42  4:19  Baneling x2  
  42  4:22  Baneling x2  
  42  4:25  Zergling x4  
  42  4:26  Zergling x8  
  48  4:39  Drone x2  
  48  4:40  Drone x2, Overlord x2  
  48  4:41  Overlord  
  48  4:43  Extractor  
  51  4:46  Centrifugal Hooks  
  51  4:48  Overseer  
  51  4:50  Pneumatized Carapace  
  51  4:54  Baneling  
  51  4:55  Baneling x4  
  51  5:12  Queen  
  54  5:14  Drone x2  
  54  5:15  Drone x7  
  62  5:31  Queen  
  64  5:38  Spore Crawler  
  64  5:40  Drone x3  
  64  5:41  Drone x4  
  64  5:42  Spore Crawler  
  69  5:43  Overlord  
  69  6:04  Extractor  
  69  6:06  Extractor, Spore Crawler  
  66  6:13  Drone  
  66  6:14  Drone x5  
  66  6:15  Zergling x2  
  66  6:16  Zergling x18  
  82  6:18  Baneling  
  82  6:19  Baneling x3  
  82  6:39  Evolution Chamber  
  81  6:42  Evolution Chamber  
  80  6:55  Overlord  
  80  6:56  Overlord x3  
  80  7:09  Infestation Pit  
  80  7:10  Zerg Ground Armor Level 1, Zerg Missile Weapons Level 1  
  57  8:09  Hatchery  
  56  8:16  Hatchery  
  55  8:41  Infestation Pit  
  54  9:18  Hive  
  54  9:34  Hatchery  
  52  10:09  Hatchery  
  51  10:24  Hatchery  
  50  10:31  Ultralisk Cavern  
  49  10:42  Overlord x3  
  49  10:43  Overlord  
Show
View Real Time Build Order
Export as new Build Order

PLuTo Zerg 

Build Orders: Hatch First, Lurkers 

Get SALT Encoding   

  12  0:01  Drone  
  13  0:13  Overlord  
  13  0:17  Drone  
  14  0:31  Drone  
  14  0:32  Drone  
  16  0:38  Drone  
  17  0:53  Hatchery  
  17  0:55  Drone  
  17  0:59  Drone  
  18  1:04  Extractor  
  17  1:16  Spawning Pool  
  17  1:18  Drone  
  17  1:22  Drone  
  18  1:30  Drone  
  19  1:40  Overlord  
  19  2:03  Queen  
  19  2:05  Metabolic Boost  
  21  2:09  Drone  
  21  2:10  Drone  
  21  2:11  Drone, Queen  
  26  2:22  Zergling x2  
  27  2:27  Baneling Nest  
  27  2:28  Drone  
  28  2:30  Drone  
  28  2:32  Zergling x2  
  28  2:35  Zergling x2  
  30  2:44  Zergling x2  
  31  2:55  Zergling x2  
  32  2:59  Overlord  
  32  3:01  Zergling x2  
  33  3:12  Drone x2  
  35  3:16  Baneling x2  
  35  3:19  Drone  
  36  3:20  Zergling x6  
  36  3:22  Drone  
  36  3:23  Drone x2, Extractor  
  36  3:25  Spore Crawler  
  40  3:29  Spore Crawler  
  40  3:30  Drone  
  40  3:35  Drone  
  40  3:39  Drone, Extractor  
  41  3:44  Baneling  
  41  3:49  Drone  
  41  3:54  Drone x2  
  44  3:57  Overlord  
  44  4:05  Hatchery, Lair  
  44  4:07  Drone  
  44  4:11  Baneling  
  44  4:12  Baneling  
  44  4:15  Overlord  
  44  4:22  Drone x2  
  44  4:23  Drone x2  
  48  4:26  Extractor  
  48  4:27  Drone  
  48  4:28  Drone  
  48  4:30  Drone  
  50  4:32  Drone  
  51  4:45  Drone, Overlord  
  52  4:59  Drone x2  
  54  5:01  Drone  
  54  5:03  Evolution Chamber  
  54  5:05  Drone, Evolution Chamber  
  54  5:12  Baneling  
  54  5:13  Zergling x2  
  54  5:14  Zergling x4  
  57  5:17  Zergling x6  
  57  5:18  Hydralisk Den  
  57  5:19  Queen  
  57  5:20  Drone  
  62  5:38  Drone  
  63  5:48  Baneling x2, Drone  
  64  5:50  Spore Crawler  
  64  5:56  Baneling x3  
  63  5:59  Overlord x2  
  63  6:00  Zerg Missile Weapons Level 1  
  63  6:01  Zerg Ground Armor Level 1  
  63  6:02  Drone  
  63  6:03  Drone  
  65  6:07  Grooved Spines  
  65  6:13  Spore Crawler  
  65  6:14  Drone, Overlord  
  65  6:15  Overlord x2  
  65  6:19  Hydralisk x4  
  65  6:20  Hydralisk  
  65  6:23  Hydralisk  
  77  6:31  Centrifugal Hooks  
  77  6:36  Drone x3  
  77  6:39  Spore Crawler  
  79  6:41  Drone x3, Spore Crawler  
  79  6:44  Spore Crawler  
  79  6:47  Drone  
  81  6:53  Drone  
  81  6:54  Spore Crawler, Hydralisk  
  81  6:55  Hydralisk  
  81  6:57  Muscular Augments  
  85  7:09  Drone  
  85  7:10  Drone x4  
  85  7:14  Drone x5  
  85  7:15  Drone  
  81  7:38  Hydralisk x2  
  81  7:42  Extractor, Hydralisk  
  81  7:43  Hydralisk x2  
  90  7:48  Lurker Den  
  90  7:49  Hydralisk x3  
  95  7:56  Extractor  
  94  7:58  Drone  
  94  7:59  Hydralisk x2  
  99  8:10  Drone  
  100  8:13  Drone x2  
  100  8:16  Hydralisk x3  
  108  8:29  Hydralisk x2  
  112  8:43  Hydralisk  
  112  8:44  Overlord x3  
  112  8:46  Zerg Missile Weapons Level 2  
  114  8:52  Hatchery  
  114  8:53  Overlord  
  114  8:54  Overlord  
  113  9:02  Lurker  
  113  9:03  Lurker  
  113  9:04  Lurker  
  116  9:10  Drone  
  116  9:12  Overlord x3  
  117  9:26  Extractor  
  117  9:27  Extractor  
  117  9:29  Infestation Pit  
  117  9:30  Hydralisk x3  
  117  9:31  Hydralisk x2  
  120  9:32  Zergling x8  
  120  9:33  Zergling x6  
  120  9:38  Drone x4  
  134  9:39  Drone x2  
  137  9:49  Hydralisk  
  137  9:51  Overlord  
  139  10:05  Lurker x2  
  141  10:08  Drone  
  141  10:09  Queen  
  141  10:39  Overseer  
  141  10:42  Hydralisk x2  
  141  10:43  Hydralisk x3  
  141  10:46  Drone x5  
  141  10:47  Drone  
  110  11:21  Lurker x4  
  110  11:22  Lurker  
  110  11:24  Drone x3  
Show
View Real Time Build Order
Export as new Build Order

Fierce Zerg 

Build Orders: Hatch First 

Get SALT Encoding   

  12  0:02  Drone  
  13  0:15  Overlord  
  13  0:20  Drone  
  14  0:33  Drone  
  14  0:34  Drone  
  16  0:38  Drone  
  17  0:52  Hatchery  
  17  0:55  Drone  
  17  1:00  Drone  
  18  1:14  Spawning Pool  
  18  1:15  Extractor  
  18  1:16  Drone  
  17  1:20  Drone  
  18  1:31  Drone  
  19  1:42  Overlord  
  19  1:53  Drone  
  20  2:01  Queen  
  20  2:03  Drone  
  20  2:05  Queen  
  20  2:07  Drone  
  26  2:17  Drone  
  26  2:18  Drone  
  28  2:28  Drone x2, Roach Warren  
  29  2:36  Overlord  
  29  2:44  Drone  
  29  2:48  Drone  
  31  2:52  Extractor  
  31  2:53  Drone  
  31  2:57  Drone  
  32  2:59  Drone  
  33  3:08  Drone  
  33  3:10  Roach  
  36  3:14  Roach  
  36  3:15  Roach x3  
  36  3:17  Overlord x2  
  44  3:24  Lair  
  44  3:40  Hatchery  
  43  3:42  Drone x3  
  43  3:44  Drone  
  48  3:48  Drone  
  48  3:50  Drone  
  48  3:51  Drone  
  48  3:54  Drone  
  51  3:56  Drone  
  52  4:03  Overlord, Extractor  
  52  4:05  Extractor  
  50  4:13  Roach x3  
  56  4:21  Drone x2  
  56  4:23  Drone  
  56  4:24  Drone  
  60  4:25  Evolution Chamber  
  60  4:26  Evolution Chamber, Drone  
  60  4:28  Drone  
  60  4:29  Drone  
  61  4:32  Drone  
  61  4:38  Drone x2  
  64  4:43  Roach x2  
  68  4:48  Glial Reconstitution  
  68  4:51  Zerg Missile Weapons Level 1  
  68  4:54  Zerg Ground Armor Level 1  
  68  5:03  Drone x2  
  68  5:04  Spire, Drone  
  68  5:05  Drone  
  71  5:07  Drone  
  71  5:10  Roach  
  74  5:26  Overlord x5  
  74  5:39  Hatchery  
  74  5:42  Drone  
  74  5:43  Queen  
  74  5:45  Extractor, Drone  
  74  5:46  Drone, Extractor  
  76  5:50  Drone  
  76  5:51  Drone x2  
  76  5:52  Drone  
  76  5:54  Drone  
  76  5:56  Drone  
  83  5:57  Drone  
  83  5:58  Drone  
  84  6:05  Drone x3  
  87  6:14  Drone x2  
  87  6:15  Drone  
  90  6:25  Drone x3  
  93  6:34  Roach x4  
  93  6:35  Roach x2  
  105  6:42  Spore Crawler  
  105  6:46  Overlord  
  105  6:47  Infestation Pit, Overlord x2  
  103  6:52  Drone x4, Spore Crawler  
  103  6:53  Drone x2  
  108  6:54  Spore Crawler  
  108  6:55  Spore Crawler  
  108  6:57  Spore Crawler  
  108  6:58  Spore Crawler, Roach x3  
  110  7:07  Roach x4  
  118  7:08  Overlord  
  110  7:41  Roach x10  
  110  7:42  Roach x5  
  134  7:58  Overseer  
  134  8:06  Drone x5  
  134  8:07  Drone x3  
  142  8:14  Overlord x4  
  142  8:24  Mutalisk x3, Extractor  
  142  8:25  Extractor  
  146  8:27  Zerg Flyer Weapons Level 1  
  146  8:30  Overlord x3  
  146  8:39  Mutalisk x4  
  154  8:54  Mutalisk x6  
  154  8:55  Mutalisk x3  
  168  9:16  Mutalisk x3  
  168  9:17  Mutalisk x6  
  170  9:18  Mutalisk  
  180  9:41  Mutalisk x4  
  180  9:42  Mutalisk  
  148  9:53  Mutalisk  
  148  9:54  Mutalisk  
  142  10:08  Spore Crawler  
  142  10:09  Mutalisk x3  
  142  10:13  Overseer  
  147  10:16  Pneumatized Carapace  
  147  10:25  Mutalisk x2  
  151  10:36  Mutalisk x2  
  155  10:44  Mutalisk x2  
Show
View Real Time Build Order
Export as new Build Order

BooN Zerg 

Build Orders: Hatch First, Lurkers 

Get SALT Encoding   

  12  0:00  Drone  
  13  0:12  Overlord  
  13  0:16  Drone  
  14  0:31  Drone x2  
  14  0:34  Drone  
  17  0:46  Drone  
  18  0:51  Extractor  
  17  0:58  Drone  
  18  1:13  Hatchery  
  18  1:14  Spawning Pool  
  18  1:17  Drone  
  17  1:20  Drone  
  18  1:30  Drone  
  19  1:40  Drone  
  20  2:05  Queen  
  20  2:06  Baneling Nest  
  20  2:07  Zergling x2  
  22  2:08  Overlord  
  22  2:24  Hatchery  
  22  2:27  Queen  
  23  2:34  Metabolic Boost  
  23  2:38  Zergling x2  
  24  2:49  Queen  
  26  2:56  Baneling x2  
  26  3:01  Baneling  
  26  3:03  Baneling  
  26  3:10  Drone x3  
  26  3:11  Drone  
  30  3:18  Drone x2  
  32  3:20  Drone  
  32  3:24  Drone  
  34  3:34  Queen  
  36  3:43  Queen  
  36  3:47  Drone  
  39  4:00  Queen  
  39  4:02  Drone  
  42  4:03  Overlord  
  42  4:06  Spore Crawler  
  41  4:10  Extractor  
  41  4:14  Lair  
  40  4:20  Queen  
  42  4:26  Drone x2  
  42  4:27  Drone  
  42  4:30  Drone  
  42  4:31  Drone  
  47  4:32  Drone  
  48  4:42  Drone x2  
  48  4:43  Overlord  
  50  5:01  Overlord x2  
  50  5:02  Overlord x2  
  50  5:13  Drone x2  
  52  5:19  Hydralisk Den  
  51  5:36  Drone  
  51  5:37  Drone x15, Extractor  
  51  5:40  Extractor  
  51  5:42  Extractor  
  64  5:44  Extractor  
  63  6:11  Drone  
  63  6:12  Drone x8  
  63  6:16  Grooved Spines  
  72  6:23  Evolution Chamber, Drone  
  72  6:24  Evolution Chamber, Infestation Pit  
  70  6:31  Drone x3  
  73  6:33  Drone  
  73  6:34  Drone x3  
  73  6:35  Spore Crawler  
  73  6:39  Spore Crawler  
  75  6:45  Drone x2, Lurker Den  
  76  6:55  Hydralisk x7  
  90  7:02  Overseer  
  90  7:05  Zerg Missile Weapons Level 1  
  90  7:06  Zerg Ground Armor Level 1, Muscular Augments, Neural Parasite  
  90  7:11  Hive  
  90  7:25  Overlord  
  90  7:59  Overlord x5, Hatchery  
  90  8:02  Lurker x7  
  97  8:05  Drone  
  97  8:06  Drone  
  97  8:07  Overlord  
  98  8:17  Overlord x2  
  98  8:19  Drone x18  
  118  8:20  Drone x2  
  118  8:22  Drone  
  118  8:25  Seismic Spines  
  119  8:39  Drone  
  120  8:43  Drone x6  
  126  9:11  Extractor  
  126  9:16  Extractor  
  124  9:23  Adaptive Talons  
  124  9:24  Overlord x2  
  124  9:26  Hydralisk x21  
  124  9:29  Unknown  
  166  9:43  Spore Crawler  
  166  9:45  Spore Crawler  
  164  9:46  Spore Crawler  
  163  10:03  Hydralisk  
  163  10:04  Hydralisk x9  
  179  10:25  Overlord x2  
  179  10:38  Lurker x4  
  179  10:39  Lurker  
  179  10:40  Overlord x2  
  184  10:44  Hydralisk x3  
  184  10:45  Hydralisk x5  
Tags
 
Add a new tag
Caveats
  • Supply blocks, unpowered buildings, or Contaminate may cause inaccurate times.
  • Supply counts are checked every 10 seconds.